 Dungeon Crawl Stone Soup version 0.20.1-1-g8b1a95d (webtiles) character file.

31941 Doomgape the Fencer (level 13, 0/111 HPs)
             Began as a Minotaur Fighter on Dec 3, 2017.
             Was a High Priest of Okawaru.
             Slain by a five-headed hydra (3 damage)
             ... on level 6 of the Lair of Beasts.
             The game lasted 01:18:59 (15925 turns).

Doomgape the Fencer (Minotaur Fighter)             Turns: 15925, Time: 01:19:00

Health: 0/111      AC: 12    Str: 32    XL:     13   Next: 28%
Magic:  17/17      EV: 10    Int:  8    God:    Okawaru [*****.]
Gold:   898        SH:  4    Dex: 11    Spells: 4/12 levels left

rFire    . . .     SeeInvis .   E - +2 triple sword (elec)
rCold    . . .     Gourm    .   (shield currently unavailable)
rNeg     + . .     Faith    .   K - +1 scale mail of Omission {Regen+ Str+4 Int+3}
rPois    .         Spirit   .   a - +0 hat {MR+}
rElec    +         Reflect  +   (no cloak)
rCorr    .         Harm     .   U - +0 pair of gloves {Str+3}
MR       +....                  (no boots)
Stlth    ..........             z - +4 amulet of reflection
Regen    0.7/turn               i - ring of flight
MPRegen  0.2/turn               v - ring of positive energy

@: very slightly contaminated
A: retaliatory headbutt, horns 2, rugged brown scales 1, electricity resistance,
evolution 1
a: Heroism, Finesse, Renounce Religion, Evoke Flight


You were on level 6 of the Lair of Beasts.
You worshipped Okawaru.
Okawaru was extremely pleased with you.
You were not hungry.

You visited 3 branches of the dungeon, and saw 16 of its levels.

You collected 898 gold pieces.

Inventory:

Hand Weapons
 g - a +3 great sword of holy wrath
 s - a +5 falchion of venom
 E - a +2 triple sword of electrocution (weapon)
 N - the +9 war axe of Gallantry {pain, *Rage +Inv MR+ Int+8}
   (You found it on level 9 of the Dungeon)

   In the hands of one skilled in necromantic magic, it inflicts extra damage on
   living creatures.
   It affects your intelligence (+8).
   It affects your resistance to hostile enchantments.
   It lets you turn invisible.
   It may make you go berserk in combat.
 T - a +1 double sword of slicing
Armour
 a - a +0 hat of magic resistance (worn)
 c - a +1 shield
 K - the +1 scale mail of Omission (worn) {Regen+ Str+4 Int+3}
   (You found it on level 4 of the Lair of Beasts)

   It affects your strength (+4).
   It affects your intelligence (+3).
   It increases your rate of regeneration.
 U - a +0 pair of gloves of strength (worn)
Jewellery
 i - a ring of flight (left hand)
 p - an uncursed ring of wizardry
 v - a ring of positive energy (right hand)
 z - a +4 amulet of reflection (around neck)
 F - a cursed amulet of inaccuracy {unknown}
Wands
 r - a wand of disintegration (7/24)
 B - a wand of digging (2/24)
 L - a wand of polymorph (7/24)
 Q - a wand of flame (23/48)
 R - a wand of enslavement (10/24)
 V - a wand of digging (9/24)
Scrolls
 e - 3 scrolls of identify
 h - 8 scrolls of remove curse
 l - 3 scrolls of magic mapping
 m - 9 scrolls of teleportation
 q - a scroll of silence
 x - a scroll of recharging
 y - 3 scrolls of torment
 C - a scroll of enchant armour
 D - 2 scrolls of immolation
 J - 2 scrolls of fear
 M - 5 scrolls of enchant weapon
 W - a scroll of fog
Potions
 d - a potion of might
 j - 3 potions of magic
 k - 3 potions of flight
 n - a potion of heal wounds
 w - 3 potions of cancellation
 A - 2 potions of brilliance
 G - a potion of agility
Miscellaneous
 u - a phial of floods
 I - a sack of spiders
Comestibles
 b - 7 fruits
 f - 12 bread rations
 o - 7 royal jellies
 t - 5 meat rations


   Skills:
 - Level 8.4 Fighting
 - Level 18.2 Long Blades
 - Level 6.4(8.9) Axes
   Level 9.5(10.3) Polearms
 - Level 10.6 Armour
 - Level 3.6 Shields
 + Level 7.6 Invocations


You had 4 spell levels left.
You knew the following spells:

 Your Spells              Type           Power        Failure   Level  Hunger
a - Statue Form           Tmut/Erth      #........    100%        6    #######
b - Passwall              Tmut/Erth      #.........   75%         2    ###....


Dungeon Overview and Level Annotations

Branches:
Dungeon (9/15)             Temple (1/1) D:4            Lair (6/6) D:9
 Shoals (0/4) Lair:2        Snake (0/4) Lair:3
  Slime: Lair:5-6       Orc: D:9-12

Altars:
Ashenzari
Cheibriados
Dithmenos
Elyvilon
Fedhas
Gozag
Hepliaklqana
Kikubaaqudgha
Makhleb
Nemelex Xobeh
Okawaru
Qazlal
Ru
Sif Muna
Trog
Uskayaw
Vehumet
Xom
Yredelemnul
Zin
The Shining One


Innate Abilities, Weirdness & Mutations

You reflexively headbutt those who attack you in melee.
You have a pair of horns on your head.
You are partially covered in rugged brown scales. (AC +1, +3% HP)
You are resistant to electric shocks. (rElec)
You evolve.


Message History

Aim: a five-headed hydra (almost dead, chance to defeat MR: 30%)
The five-headed hydra easily resists.
This wand has 8 charges left.
You completely miss the black mamba. The black mamba barely misses you.
You riposte.
You barely miss the black mamba.
The black mamba bites you but does no damage.
Evoke which item? (* to show all) (? for menu, Esc to quit)
Aiming: Disintegrate
Press: ? - help, Shift-Dir - straight line, f/p - five-headed hydra
Aim: a five-headed hydra (almost dead, chance to defeat MR: 30%)
The five-headed hydra is blasted.
This wand has 7 charges left.
The black mamba bites you but does no damage.
You block the black mamba's attack.
The five-headed hydra closely misses you.
The five-headed hydra bites you.
* * * LOW HITPOINT WARNING * * *
The five-headed hydra bites you!
* * * LOW HITPOINT WARNING * * *
The five-headed hydra bites you but does no damage.
The five-headed hydra bites you.
You die...

... ..# #...# .... #.##
######..##
.....###.#####.##.#..P###
#.......##.#.........##
#......P#....#.##....#
##.......[#.#####...###
#........#.##.# ##....###
#..<.....######
###.....P# #........S@#
#.#....PP# #........D##
###.....P..##
.....?....##
#P...........#
#........!#
#............# .#.......#
#............# .....
#............. ##..
#............. ###
#...........#.
####........##


You could see a five-headed hydra and a black mamba.

Vanquished Creatures
  Gastronok (Lair:2)
  A two-headed ogre (D:5)
  5 hydras
  Nergalle (Lair:4)
  Sonja (Lair:2)
  5 oklob plants
  10 elephants
  A manticore (D:9)
  Joseph (D:7)
  2 black mambas
  A torpor snail (Lair:2)
  3 rime drakes
  6 spiny frogs
  3 komodo dragons
  A troll (D:7)
  Prince Ribbit (D:6)
  5 dream sheep (Lair:5)
  20 blink frogs
  5 hippogriffs
  A snapping turtle (Lair:2)
  Sigmund (D:3)
  13 yaks
  A spriggan (D:7)
  2 wyverns
  The ghost of Thyosulf the Chopper, an amateur MiMo (D:3)
  A basilisk (Lair:3)
  5 nagas (Lair:3)
  11 water moccasins
  4 porcupines
  3 ice beasts
  2 orc warriors (D:7)
  A sky beast (D:8)
  A phantom (D:7)
  A black bear (D:6)
  5 ogres
  4 crocodiles
  2 big kobolds (D:8)
  7 bullfrogs
  A water moccasin skeleton (D:4)
  A scorpion (D:5)
  A howler monkey (D:6)
  4 wights (D:7)
  2 electric eels
  3 crimson imps
  2 jellies (D:9)
  An orc priest (D:9)
  A bullfrog skeleton (D:9)
  A hound (D:5)
  6 orc wizards
  2 centaur skeletons
  4 gnoll shamans (D:4)
  8 worker ants
  An iguana (D:9)
  A killer bee zombie (D:8)
  A hound skeleton (D:9)
  Robin (D:3)
  42 gnolls
  2 howler monkey skeletons
  13 adders
  A shadow imp (D:7)
  2 adder zombies (D:5)
  2 adder skeletons
  7 worms
  2 dart slugs
  9 leopard geckos
  24 orcs
  9 bats
  A giant cockroach (D:6)
  9 hobgoblins
  27 jackals
  19 kobolds
  5 quokkas
  2 frilled lizards
  16 goblins
  A jackal zombie (D:5)
  A leopard gecko zombie (D:5)
  8 rats
  A fungus (Lair:4)
  4 plants
  A toadstool (D:1)
388 creatures vanquished.

Vanquished Creatures (others)
  A centaur (D:8)
  10 fungi
  15 plants
  3 toadstools (D:1)
29 creatures vanquished.

Grand Total: 417 creatures vanquished

Notes
Turn   | Place    | Note
-------+----------+-------------------------------------------
     0 | D:1      | Doomgape the Minotaur Fighter began the quest for the Orb.
     0 | D:1      | Reached XP level 1. HP: 19/19 MP: 0/0
    30 | D:1      | Reached skill level 3 in Long Blades
    63 | D:1      | Reached XP level 2. HP: 26/26 MP: 1/1
   572 | D:1      | Reached skill level 4 in Long Blades
   702 | D:1      | Reached XP level 3. HP: 31/31 MP: 2/2
  1020 | D:2      | Reached skill level 5 in Long Blades
  1037 | D:2      | HP: 1/31 [poisoned by an adder]
  1474 | D:2      | Reached XP level 4. HP: 39/39 MP: 3/3
  2057 | D:3      | Reached skill level 6 in Long Blades
  2061 | D:3      | Reached XP level 5. HP: 41/45 MP: 4/4
  2119 | D:3      | Noticed Robin
  2127 | D:3      | Killed Robin
  2178 | D:3      | Noticed Sigmund
  2191 | D:3      | Killed Sigmund
  2191 | D:3      | Reached skill level 8 in Long Blades
  2191 | D:3      | Reached XP level 6. HP: 51/51 MP: 5/5
  2279 | D:3      | Noticed Thyosulf's ghost (amateur MiMo)
  2294 | D:3      | Killed Thyosulf's ghost
  2294 | D:3      | Reached skill level 5 in Fighting
  2654 | D:4      | Reached XP level 7. HP: 59/61 MP: 6/6
  3383 | D:4      | Found a staircase to the Ecumenical Temple.
  3392 | Temple   | Entered the Ecumenical Temple
  3467 | Temple   | Became a worshipper of Warmaster Okawaru
  3877 | D:4      | Reached XP level 8. HP: 69/75 MP: 7/7
  3887 | D:4      | Reached skill level 5 in Armour
  3916 | D:4      | Reached * piety under Okawaru
  4328 | D:5      | Entered Level 5 of the Dungeon
  4351 | D:5      | Noticed a two-headed ogre
  4362 | D:5      | Killed a two-headed ogre
  4370 | D:5      | Reached XP level 9. HP: 46/82 MP: 8/8
  4536 | D:5      | Reached skill level 1 in Polearms
  4683 | D:5      | Reached ** piety under Okawaru
  5177 | D:6      | Noticed Eustachio
  5179 | D:6      | Noticed Eustachio
  5179 | D:6      | Eustachio changed into Eustachio the worker ant
  5190 | D:6      | Killed Eustachio the worker ant
  5494 | D:6      | Reached skill level 5 in Polearms
  5551 | D:6      | Noticed Prince Ribbit
  5607 | D:6      | Killed Prince Ribbit
  6541 | D:7      | Reached *** piety under Okawaru
  7064 | D:7      | Noticed Joseph
  7095 | D:7      | Killed Joseph
  7095 | D:7      | Reached skill level 9 in Long Blades
  7095 | D:7      | Reached XP level 10. HP: 34/90 MP: 9/9
  7614 | D:8      | Reached skill level 10 in Long Blades
  8269 | D:9      | Found a staircase to the Lair.
  8357 | D:9      | Identified the Handbook of the Unstable Mountains
  8581 | D:9      | Noticed a manticore
  8601 | D:9      | Killed a manticore
  8601 | D:9      | Reached **** piety under Okawaru
  8601 | D:9      | Reached skill level 11 in Long Blades
  9101 | D:9      | Got a slimy war axe
  9102 | D:9      | Identified the +9 war axe of Gallantry {pain, *Rage +Inv MR+ Int+8} (You found it on level 9 of the Dungeon)
  9120 | Lair:1   | Entered Level 1 of the Lair of Beasts
  9120 | Lair:1   | Noticed a four-headed hydra
  9131 | Lair:1   | Killed an eight-headed hydra
  9396 | Lair:1   | Reached skill level 5 in Axes
  9543 | Lair:1   | Noticed a black mamba
  9549 | Lair:1   | Killed a black mamba
  9588 | Lair:1   | Identified a scroll of acquirement
  9911 | Lair:2   | Noticed a torpor snail
  9919 | Lair:2   | Killed a torpor snail
  9919 | Lair:2   | Reached ***** piety under Okawaru
  9919 | Lair:2   | Reached XP level 11. HP: 37/95 MP: 10/10
  9922 | Lair:1   | Reached skill level 12 in Long Blades
 10517 | Lair:2   | Found a staircase to the Shoals.
 10532 | Lair:2   | Noticed Sonja
 10733 | Lair:2   | Noticed Gastronok
 10746 | Lair:2   | Killed Gastronok
 10746 | Lair:2   | Received a gift from Okawaru
 10746 | Lair:2   | Reached skill level 13 in Long Blades
 10788 | Lair:2   | Gained mutation: Armour fits poorly on your strangely shaped body. [potion of mutation]
 10788 | Lair:2   | Gained mutation: You are partially covered in rugged brown scales. (AC +1, +3% HP) [potion of mutation]
 10788 | Lair:2   | Gained mutation: You are partially covered in slimy green scales. (AC +2) [potion of mutation]
 10857 | Lair:2   | Reached skill level 14 in Long Blades
 10998 | Lair:2   | Reached skill level 15 in Long Blades
 11239 | Lair:2   | Killed Sonja
 11887 | Lair:2   | Reached XP level 12. HP: 72/106 MP: 11/11
 11896 | Lair:2   | Received a gift from Okawaru
 11896 | Lair:2   | Reached skill level 16 in Long Blades
 12309 | Lair:3   | Noticed a five-headed hydra
 12325 | Lair:3   | Killed a 13-headed hydra
 12325 | Lair:3   | Received a gift from Okawaru
 12383 | Lair:2   | HP: 3/106 [rime drake (5)]
 12646 | Lair:3   | Found a staircase to the Snake Pit.
 12955 | Lair:3   | Reached skill level 17 in Long Blades
 13363 | Lair:3   | Noticed a seven-headed hydra
 13373 | Lair:3   | Killed a 12-headed hydra
 13419 | Lair:3   | Received a gift from Okawaru
 13508 | Lair:4   | Noticed Nergalle
 13516 | Lair:4   | Killed Nergalle
 13558 | Lair:4   | Lost mutation: Armour fits poorly on your strangely shaped body. [potion of mutation]
 13558 | Lair:4   | Lost mutation: You are partially covered in slimy green scales. (AC +2) [potion of mutation]
 13558 | Lair:4   | Gained mutation: You evolve. [potion of mutation]
 13628 | Lair:4   | Learned a level 6 spell: Statue Form
 13821 | Lair:4   | Reached skill level 18 in Long Blades
 14271 | Lair:4   | Reached skill level 10 in Armour
 14281 | Lair:4   | Got a transparent scale mail
 14292 | Lair:4   | Identified the +1 scale mail of Omission {Regen+ Str+4 Int+3} (You found it on level 4 of the Lair of Beasts)
 14335 | Lair:4   | Learned a level 2 spell: Passwall
 14380 | Lair:4   | Noticed a six-headed hydra
 14388 | Lair:4   | Killed a nine-headed hydra
 14469 | Lair:5   | Reached skill level 1 in Invocations
 14474 | Lair:5   | Reached ****** piety under Okawaru
 14474 | Lair:5   | Received a gift from Okawaru
 14698 | Lair:5   | Reached XP level 13. HP: 101/111 MP: 15/15
 14863 | Lair:5   | Reached skill level 5 in Invocations
 14930 | Lair:5   | Gained mutation: You are resistant to electric shocks. (rElec) [evolution]
 15470 | Lair:5   | Received a gift from Okawaru
 15758 | Lair:6   | Entered Level 6 of the Lair of Beasts
 15925 | Lair:6   | HP: 3/111 [five-headed hydra (13)]
 15925 | Lair:6   | Slain by a five-headed hydra

Skill      XL: |  1  2  3  4  5  6  7  8  9 10 11 12 13 |
---------------+----------------------------------------+-----
Long Blades    | 3 4 5 6 8 9 11 15 18 | 18.2
Fighting       | 5 8 |  8.4
Armour         | 4 9 10 | 10.6
Polearms       | 9 |  9.5
Axes           | 6 |  6.4
Invocations    | 4 7 |  7.6
Shields        | |  3.6

Action                   |  1- 3 |  4- 6 |  7- 9 | 10-12 | 13-15 || total
-------------------------+-------+-------+-------+-------+-------++-------
Melee: Long sword        |   112 |    85 |       |       |       ||   197
       Headbutt          |    12 |    26 |    98 |   117 |    23 ||   276
       Falchion          |       |    60 |   218 |   138 |       ||   416
       Spear             |       |       |   310 |       |       ||   310
       War axe           |       |       |       |    20 |       ||    20
       Double sword      |       |       |       |   392 |       ||   392
       Triple sword      |       |       |       |     6 |    78 ||    84
Invok: Heroism           |       |       |       |    11 |     1 ||    12
       Finesse           |       |       |       |       |     1 ||     1
Evoke: Wand              |       |       |     3 |     7 |    10 ||    20
  Use: Scroll            |     6 |     2 |    11 |    14 |     3 ||    36
       Potion            |       |       |     2 |    17 |     3 ||    22
  Eat: Chunk             |     2 |     4 |    10 |    18 |     4 ||    38
       Fruit             |       |       |    15 |     4 |       ||    19
       Bread ration      |       |       |     2 |       |       ||     2
Armor: Scale mail        |    61 |    49 |    77 |    16 |    36 ||   239
       Plate armour      |       |       |     5 |   225 |       ||   230
       Skin              |       |       |       |    18 |       ||    18
Dodge: Dodged            |    37 |    35 |    78 |    95 |    32 ||   277
Block: Shield            |    61 |    85 |   275 |   388 |       ||   809
       Reflection        |       |       |    16 |    13 |       ||    29
       Other             |       |       |       |     1 |    19 ||    20
       Rpst.: Long sword |    10 |     8 |       |       |       ||    18
       Falchion          |       |     3 |    10 |     5 |       ||    18
       Double sword      |       |       |       |    10 |       ||    10
       Triple sword      |       |       |       |     1 |     4 ||     5
